 Dungeon Crawl Stone Soup version 0.28.0-53-g5a82cb258f (webtiles) character file.

Game seed: 13780788785808457406

305 protoss039 the Digger (level 6, -8/47 HPs)
             Began as a Demonspawn Earth Elementalist on June 1, 2022.
             Killed by divine providence
             ... invoked by an orc priest
              (14 damage)
             ... on level 4 of the Dungeon.
             The game lasted 00:04:40 (4169 turns).

protoss039 the Digger (DsEE)                        Turns: 4169, Time: 00:04:40

Health: -8/47      AC:  3    Str:  8    XL:     6   Next: 16%
Magic:  0/10       EV: 11    Int: 23    God:
Gold:   86         SH:  0    Dex: 15    Spells: 5/11 levels left

rFire   . . .      SeeInvis .   m - +3 hand axe "Neuhiam" {venom, *Rage Int+4}
rCold   . . .      Faith    .   (no shield)
rNeg    . . .      Spirit   .   e - +0 leather armour
rPois   +          Reflect  .   (no helmet)
rElec   .          Harm     .   (no cloak)
rCorr   .          Rampage  .   (no gloves)
Will    .....      Rage     20% (no boots)
Stlth   +++.......              (no amulet)
HPRegen 0.15/turn               n - ring of poison resistance
MPRegen 0.24/turn               (no ring)

@: on berserk cooldown
A: thin skeletal structure 1, ignite blood 1, magic regeneration
a: no special abilities


You were on level 4 of the Dungeon.
You visited 1 branch of the dungeon, and saw 4 of its levels.

You collected 86 gold pieces.

Inventory:

Hand Weapons
 m - the +3 hand axe "Neuhiam" (weapon) {venom, *Rage Int+4}
   (You found it on level 3 of the Dungeon)

   It poisons the flesh of those it strikes.
   Int:       It affects your intelligence (+4).
   *Rage:     It berserks you when you make melee attacks (+20% chance).
Missiles
 c - 66 stones
Armour
 e - a +0 leather armour (worn)
Jewellery
 n - a ring of poison resistance (left hand)
Scrolls
 b - a scroll of brand weapon {unknown}
 g - a scroll of fog {unknown}
 k - a scroll of noise {unknown}
 l - a scroll of teleportation {unknown}
Potions
 a - a potion of ambrosia {unknown}
 d - 2 potions of flight {unknown}
 f - a potion of curing {unknown}
 h - a potion of magic {unknown}
 i - a potion of berserk rage {unknown}
 j - 2 potions of invisibility {unknown}


   Skills:
 * Level 3.5 Fighting
 + Level 2.0 Armour
 - Level 1.7 Dodging
 - Level 1.7 Stealth
 + Level 3.1 Spellcasting
 * Level 1.3 Conjurations
 - Level 1.0 Transmutations
 + Level 3.6 Earth Magic


You had 5 spell levels left.
You knew the following spells:

 Your Spells              Type           Power      Damage    Failure   Level
a - Sandblast             Erth           40%        2d10      3%          1
b - Passwall              Tmut/Erth      11%        N/A       10%         2
c - Stone Arrow           Conj/Erth      30%        3d8       17%         3

Your spell library contained the following spells:

 Spells                   Type           Power      Damage    Failure   Level
 Blink                    Tloc           6%         N/A       24%         2
 Petrify                  Tmut/Erth      14%        N/A       52%         4
 Manifold Assault         Tloc           3%         N/A       99%         5
 Storm Form               Tmut/Air       2%         N/A       100%        7


Dungeon Overview and Level Annotations

Branches:
Dungeon (4/15)
 Temple: D:4-7

Altars:
Elyvilon
Okawaru


Innate Abilities, Weirdness & Mutations

You have a somewhat thin skeletal structure. (Dex +2, Stealth+)
Your demonic aura sometimes causes spilled blood to erupt in flames.
You regenerate magic rapidly.


Message History

Aiming: Sandblast (safe; 3% risk of failure)
Press: ? - help, Shift-Dir - straight line, f/p - orc priest
Aim: an orc priest, wielding a +0 trident and wearing a +0 scale mail (heavily wounded, 83% to hit)
The blast of sand misses the orc priest.
The orc priest hits you but does no damage.
Your magical contamination has completely faded away.
Casting: Sandblast (safe; 3% risk of failure)
Confirm with . or Enter, or press ? or * to list all spells.
Aiming: Sandblast (safe; 3% risk of failure)
Press: ? - help, Shift-Dir - straight line, f/p - orc priest
Aim: an orc priest, wielding a +0 trident and wearing a +0 scale mail (heavily wounded, 83% to hit)
The blast of sand hits the orc priest.
The orc priest is severely wounded.
The orc priest closely misses you.
The orc priest hits you from afar with a +0 trident.
* * * LOW HITPOINT WARNING * * *
Unknown command.
Casting: Sandblast (safe; 3% risk of failure)
Confirm with . or Enter, or press ? or * to list all spells.
Aiming: Sandblast (safe; 3% risk of failure)
Press: ? - help, Shift-Dir - straight line, f/p - orc priest
Aim: an orc priest, wielding a +0 trident and wearing a +0 scale mail (severely wounded, 83% to hit)
The blast of sand hits the orc priest.
The orc priest is almost dead.
You feel yourself speed up.
The orc priest hits you but does no damage.
Unknown command.
Unknown command.
Casting: Sandblast (safe; 3% risk of failure)
Confirm with . or Enter, or press ? or * to list all spells.
Aiming: Sandblast (safe; 3% risk of failure)
Press: ? - help, Shift-Dir - straight line, f/p - orc priest
Aim: an orc priest, wielding a +0 trident and wearing a +0 scale mail (almost dead, 83% to hit)
The blast of sand hits the orc priest.
The orc priest is almost dead.
The orc priest closely misses you.
Unknown command.
The orc priest mumbles some strange prayers to Beogh against you.
Beogh smites you!
You die...

......#
############.......
#####.#
#.................. #
#.#
#....#######....... #
#.# #######.##.#
######## #
#.###........#.##### #
###...#.#####>........
#
#.'..........#.#.#####
# ###...#......#.#.# #
#...########@#.# #
###...#........#.. #
#....##.####.#.#
###....##.#..)..o#
.......+..<.....##
###....##.#...))+
#....## #....)# ######
#.....# #......


You could see an orc priest.

Vanquished Creatures
  A necrophage (D:3)
  Blork the orc (D:4)
  An orc wizard (D:4)
  4 adders
  An ufetubus (D:4)
  An adder skeleton (D:4)
  A worm (D:2)
  4 dart slugs
  3 orcs (D:4)
  6 ball pythons
  4 bats
  12 endoplasms
  3 giant cockroaches
  2 goblins
  3 hobgoblins (D:3)
  2 jackals (D:4)
  7 kobolds
  2 quokkas
  2 frilled lizards (D:1)
  8 rats
68 creatures vanquished.

Vanquished Creatures (others)
  9 plants (D:3)
9 creatures vanquished.

Grand Total: 77 creatures vanquished

Notes
Turn   | Place    | Note
-------+----------+-------------------------------------------
     0 | D:1      | protoss039 the Demonspawn Earth Elementalist began the
                  | quest for the Orb.
     0 | D:1      | Reached XP level 1. HP: 13/13 MP: 3/3
    50 | D:1      | Reached skill level 1 in Transmutations
   376 | D:1      | Gained mutation: Your demonic aura sometimes causes spilled
                  | blood to erupt in flames. [demonic ancestry]
   376 | D:1      | Reached XP level 2. HP: 20/20 MP: 5/5
   519 | D:1      | Reached skill level 1 in Fighting
  1655 | D:2      | Reached XP level 3. HP: 26/26 MP: 2/6
  1698 | D:2      | Reached skill level 1 in Armour
  1992 | D:2      | Found a faded altar of an unknown god.
  2332 | D:3      | Reached XP level 4. HP: 33/33 MP: 4/7
  3035 | D:3      | Found an iron altar of Okawaru.
  3038 | D:3      | Noticed a necrophage
  3055 | D:3      | Killed a necrophage
  3056 | D:3      | Gained mutation: You have a somewhat thin skeletal
                  | structure. (Dex +2, Stealth+) [demonic ancestry]
  3056 | D:3      | Reached XP level 5. HP: 41/41 MP: 2/9
  3294 | D:3      | Learned a level 2 spell: Passwall
  3298 | D:3      | Learned a level 3 spell: Stone Arrow
  3301 | D:3      | Identified the +3 leather armour "Wayhet Sats" {Will- Str+3
                  | Dex+3}
  3456 | D:3      | Identified the +3 hand axe "Neuhiam" {venom, *Rage Int+4}
  3516 | D:4      | Noticed Blork the orc
  3524 | D:4      | Killed Blork the orc
  3525 | D:4      | Reached skill level 1 in Conjurations
  3846 | D:4      | Gained mutation: You regenerate magic rapidly. [demonic
                  | ancestry]
  3846 | D:4      | Reached XP level 6. HP: 30/47 MP: 10/10
  4169 | D:4      | Killed from afar by an orc priest

Illustrated notes

Levels and vault maps discovered:
D:1:      dpeg_arrival_shelter, layout_basic
D:2:      layout_loops_ring, shapermc_ecumenical_altar_starsandcircs
D:3:      minmay_diamond_boxcup, layout_basic, okawaru_ov_weapons_minmay,
          nicolae_elyvilon_temple_path
D:4:      layout_basic, uniq_blork_the_orc

Skill      XL: |  1  2  3  4  5 |
---------------+----------------+-----
Transmutations | 1 |  1.0
Fighting       | 1 2 3 |  3.5
Earth Magic    | 3 |  3.6
Armour         | 1 2 |  2.0
Spellcasting   | 3 |  3.1
Conjurations   | 1 |  1.3
Dodging        | |  1.7
Stealth        | |  1.7

Action                   |  1- 3 |  4- 6 || total
-------------------------+-------+-------++-------
Melee: Dagger            |    10 |       ||    10
       Spear             |    59 |   117 ||   176
       Punch             |     1 |     1 ||     2
       Hand axe          |       |    35 ||    35
 Cast: Sandblast         |    23 |    10 ||    33
       Passwall          |       |     2 ||     2
       Stone Arrow       |       |     5 ||     5
 Stab: Sleeping          |     6 |     7 ||    13
       Distracted        |     1 |       ||     1
Armor: Leather armour    |     8 |    45 ||    53
       Robe              |     1 |       ||     1
Dodge: Dodged            |    27 |    88 ||   115
